 Dungeon Crawl Stone Soup version 0.19-a0-1568-gdd01aac (webtiles) character file.

68 Amnesiac the Sneak (level 4, -14/30 HPs)
             Began as a Mummy Earth Elementalist on Sept 15, 2016.
             Demolished by an iguana (18 damage)
             ... on level 5 of the Dungeon.
             The game lasted 00:03:27 (985 turns).

Amnesiac the Sneak (Mummy Earth Elementalist)        Turns: 985, Time: 00:03:28

Health: -14/30     AC:  2    Str: 11    XL:     4   Next: 1%
Magic:  0/7        EV: 12    Int: 15    God:
Gold:   81         SH:  0    Dex: 12    Spells: 2 memorised, 4 levels left

rFire  x . .     SeeInvis .     b - stone
rCold  + . .     Gourm    .     c - +0 robe
rNeg   + + +     Faith    .     (no shield)
rPois  ∞         Spirit   .     (no helmet)
rElec  .         Dismiss  .     (no cloak)
rCorr  +         Reflect  .     (no gloves)
MR     .....     Harm     +     (no boots)
Stlth  +++.......               i - amulet of harm
                                g - ring of stealth
                                f - ring of resist corrosion

@: no status effects
A: no food or potions, fire vulnerability, cold resistance 1, negative energy
resistance 3, torment resistance, unbreathing
a: no special abilities


You were on level 5 of the Dungeon.
You were not hungry.

You visited 1 branch of the dungeon, and saw 5 of its levels.

You collected 81 gold pieces.

Inventory:

Missiles
 b - a stone (in hand)
Armour
 c - a +0 robe (worn)
Jewellery
 f - a ring of resist corrosion (left hand)
 g - a ring of stealth (right hand)
 i - an amulet of harm (around neck)
Scrolls
 a - a scroll of recharging {unknown}
 e - a scroll of fear {unknown}
 h - a scroll of enchant weapon {unknown}
 j - a scroll of silence {unknown}
Books
 d - a book of Geomancy

   Spells                             Type                      Level
   a - Sandblast                      Earth                        1
   b - Passwall                       Transmutation/Earth          2
   c - Stone Arrow                    Conjuration/Earth            3
   d - Petrify                        Transmutation/Earth          4
   e - Lee's Rapid Deconstruction     Earth                        5


   Skills:
 - Level 1.7 Dodging
 - Level 3.3 Stealth
 - Level 2.1 Spellcasting
 - Level 0.7 Transmutations
 + Level 2.7 Earth Magic


You had 4 spell levels left.
You knew the following spells:

 Your Spells              Type           Power        Failure   Level  Hunger
v - Passwall              Tmut/Erth      #.........   17%         2    N/A
z - Sandblast             Erth           #.....       10%         1    N/A

Dungeon Overview and Level Annotations

Branches:
Dungeon (5/15)
 Temple: D:4-7

Altars:
Qazlal


Innate Abilities, Weirdness & Mutations

You do not eat or drink.
Your flesh is vulnerable to fire.
You are immune to poison.
Your flesh is cold resistant. (rC+)
You are immune to negative energy. (rN+++)
You are immune to unholy pain and torment.
You can survive without breathing.


Message History

Casting: Sandblast
Confirm with . or Enter, or press ? or * to list all spells.
Aiming: Sandblast
Press: ? - help, Shift-Dir - straight line, f/p - iguana
Aim: an iguana (severely wounded)
The rocky blast hits the iguana.
The iguana is severely wounded.
The iguana bites you.
* * * LOW HITPOINT WARNING * * *
The iguana hisses menacingly.
Casting: Sandblast
Confirm with . or Enter, or press ? or * to list all spells.
Aiming: Sandblast
Press: ? - help, Shift-Dir - straight line, f/p - iguana
Aim: an iguana (severely wounded)
The rocky blast hits the iguana.
The iguana is severely wounded.
The iguana bites you!
Ouch! That really hurt!
You die...

..# #.# .... #.# ....#
#.# ....# #.# # ....#
#####.##.#
....########........#
....##.......###l####
....##.......###@# #
.....'........<#.# ...
....##.......###.#....#
....########.#......#
.#### #.#.#.#...# .#
#.........# $.......
###.#.#.### ........
#...#... <....... ###.#
###


You could see an iguana.

Vanquished Creatures
  A worker ant (D:3)
  3 adders
  A leopard gecko (D:4)
  3 goblins
  A hobgoblin (D:2)
  A quokka (D:4)
  3 bats
  A frilled lizard (D:2)
  4 kobolds
  A rat (D:2)
19 creatures vanquished.

Notes
Turn   | Place    | Note
-------+----------+-------------------------------------------
     0 | D:1      | Amnesiac the Mummy Earth Elementalist began the quest for the Orb.
     0 | D:1      | Reached XP level 1. HP: 13/13 MP: 3/3
   482 | D:2      | Found a stormy altar of Qazlal.
   505 | D:2      | Reached XP level 2. HP: 19/19 MP: 3/5
   509 | D:2      | Learned a level 2 spell: Passwall
   575 | D:2      | Reached skill level 2 in Stealth
   676 | D:3      | Reached XP level 3. HP: 19/24 MP: 0/6
   778 | D:3      | Reached skill level 3 in Stealth
   865 | D:4      | Reached XP level 4. HP: 30/30 MP: 3/7
   899 | D:5      | Entered Level 5 of the Dungeon
   985 | D:5      | Demolished by an iguana

Vault maps used:
D:1:      saegor_arrival_simple_a, minmay_nonomino_d4
D:2:      nicolae_overflow_crystal_walls, first_bread, uniq_natasha
D:4:      elyvilon_altar_4
D:5:      lemuel_round_altar, lemuel_round_altar, tgw_trog

Skill      XL: |  1  2  3 |
---------------+----------+-----
Stealth        | 2 3 |  3.3
Dodging        | |  1.7
Spellcasting   | |  2.1
Transmutations | |  0.7
Earth Magic    | |  2.7

Action                   |  1- 3 |  4- 6 || total
-------------------------+-------+-------++-------
 Cast: Sandblast         |    32 |    13 ||    45
Armor: Robe              |     1 |       ||     1
Dodge: Dodged            |    15 |     6 ||    21
